 Dungeon Crawl Stone Soup version 0.31-a0-924-ge39a22a033 (webtiles) character file.

Game seed: 5448245006063634350

2827 IndexError the Destroyer (level 9, 0/49 HPs)
             Began as a Gargoyle Conjurer on Oct 18, 2023.
             Slain by an orc warrior
             ... wielding a +0 war axe
              (18 damage)
             ... in a bailey.
             The game lasted 00:11:04 (8611 turns).

IndexError the Destroyer (Gargoyle Conjurer)        Turns: 8611, Time: 00:11:04

Health: 0/49       AC: 11    Str: 11    XL:     9   Next: 73%
Magic:  1/21       EV: 11    Int: 27    God:
Gold:   251        SH:  0    Dex:  8    Spells: 14/25 levels left

rFire   . . .        k - +7 falchion of the Interlopers {pain, rN+ Int+4}
rCold   . . .        (no shield)
rNeg    + + .        a - +0 robe
rPois   ∞            p - +0 helmet
rElec   +            s - +0 cloak
rCorr   .            m - +0 pair of gloves
SInv    .            (no boots)
Will    .....        i - amulet of the acrobat
Stlth   ++           (no ring)
HPRegen 0.28/turn    (no ring)
MPRegen 0.17/turn

%: acrobat
@: no status effects
A: sickness immunity, AC +6, negative energy resistance 1, electricity
resistance, torment resistance 1, petrification resistance
a: no special abilities


You were in a bailey.
You visited 1 branch of the dungeon, and saw 7 of its levels.
You also visited: Bailey.

You collected 251 gold pieces.

Inventory:

Hand Weapons
 k - the +7 falchion of the Interlopers (weapon) {pain, rN+ Int+4}
   (You found it on level 2 of the Dungeon)

   Int+4:     It affects your intelligence (+4).
   rN+:       It protects you from negative energy.
 A - the +5 battleaxe of Dishonour {freeze, Will+ Int+4}
   (You took it off an orc on level 6 of the Dungeon)

   Int+4:     It affects your intelligence (+4).
   Will+:     It increases your willpower.
Missiles
 e - 8 poisoned darts
 g - 11 boomerangs
 o - 5 javelins
 r - 2 throwing nets {=f, !d}
Armour
 a - a +0 robe (worn)
 m - a +0 pair of gloves (worn)
   (You found it on level 2 of the Dungeon)
 p - a +0 helmet (worn)
   (You took it off Robin on level 2 of the Dungeon)
 s - a +0 cloak (worn)
   (You took it off Crazy Yiuf on level 3 of the Dungeon)
Jewellery
 i - an amulet of the acrobat (around neck)
   (You found it on level 1 of the Dungeon)
Wands
 C - a wand of flame (13)
   (You found it on level 7 of the Dungeon)
Scrolls
 c - 2 scrolls of vulnerability {unknown}
 f - 2 scrolls of enchant weapon
 h - 7 scrolls of identify {unknown}
 n - a scroll of poison {unknown}
 t - a scroll of fog {unknown}
 u - a scroll of blinking {unknown}
 w - 2 scrolls of immolation {unknown}
 y - 2 scrolls of fear {unknown}
 z - a scroll of noise {unknown}
 B - a scroll of revelation {unknown}
 D - 2 scrolls of acquirement
Potions
 b - a potion of magic
 d - 3 potions of heal wounds {unknown}
 j - 2 potions of brilliance {unknown}
 l - a potion of curing {unknown}
 q - 2 potions of lignification {unknown}
 v - a potion of ambrosia {unknown}
 x - a potion of cancellation {unknown}


   Skills:
 + Level 2.6 Fighting
 - Level 1.5 Dodging
 - Level 2.1 Stealth
 + Level 8.6 Spellcasting
 - Level 10.0 Conjurations
 + Level 2.2 Hexes
 + Level 2.1 Translocations


You had 14 spell levels left.
You knew the following spells:

 Your Spells              Type           Power      Damage    Failure   Level
a - Magic Dart            Conj           100%       1d8       1%          1
b - Searing Ray           Conj           100%       2d8       1%          2
c - Fulminant Prism       Conj/Hex       22%        3d12      4%          4
x - Iskenderun's Mystic   Conj/Tloc      44%        2d10      4%          4

Your spell library contained the following spells:

 Spells                   Type           Power      Damage    Failure   Level
 Dazzling Flash           Conj/Hex       88%        N/A       1%          3
 Malign Gateway           Summ/Tloc      8%         N/A       100%        7
 Summon Horrible Things   Summ           5%         N/A       100%        8


Dungeon Overview and Level Annotations

Branches:
Dungeon (7/15)             Bailey (1/1)
 Temple: D:4-7

Altars:
Fedhas
Gozag
Nemelex Xobeh
Okawaru
Ru
Trog
Wu Jian


Innate Abilities, Weirdness & Mutations

You are immune to sickness and miasma.
Your stone body is resilient. (AC +6)
You are immune to poison.
You resist negative energy. (rN+)
You are resistant to electric shocks. (rElec)
You are resistant to unholy torment.
You are immune to petrification.


Message History

There is an open door here.
There is an open door here.
An orc warrior comes into view. It is wielding a +0 war axe.
An orc warrior is nearby!
An orc warrior is nearby!
The magic dart hits the orc warrior but does no damage.
The orc warrior shouts!
An orc knight comes into view. It is wielding a +0 war axe.
You now have 20/21 mp.
The magic dart hits the orc warrior.
The orc knight roars a battlecry!
The orc warrior goes into a battle-frenzy!
You now have 19/21 mp.
The magic dart hits the orc warrior!
You now have 18/21 mp.
Casting: Magic Dart (safe; 1% risk of failure)
Confirm with . or Enter, or press ? or * to list all spells.
Aiming: Fulminant Prism (dangerous; 4% risk of failure)
Press: ? - help, Dir - move target, p - orc warrior You conjure a prism of explosive energy!
A fulminant prism comes into view.
A gnoll comes into view. It is wielding a +0 hand axe.
You now have 14/21 mp.
Casting: Fulminant Prism (dangerous; 4% risk of failure)
Confirm with . or Enter, or press ? or * to list all spells.
Aiming: Fulminant Prism (dangerous; 4% risk of failure)
Press: ? - help, Dir - move target You miscast Fulminant Prism.
You are very lightly contaminated with residual magic.
Nothing appears to happen.
Your fulminant prism crackles loudly.
You now have 10/21 mp.
The blast of energy engulfs the gnoll!!
The blast of energy engulfs the orc knight!!
You hear a shout!
You hear a shout!
Casting: Fulminant Prism (dangerous; 4% risk of failure)
Confirm with . or Enter, or press ? or * to list all spells.
Aiming: Fulminant Prism (dangerous; 4% risk of failure)
Press: ? - help, Dir - move target You conjure a prism of explosive energy!
A fulminant prism comes into view.
You now have 7/21 mp.
The orc warrior attacks as it pursues you!
The orc warrior closely misses you.
Your fulminant prism crackles loudly.
The blast of energy engulfs the orc knight!
You hear a shout! x3
Casting: Fulminant Prism (dangerous; 4% risk of failure)
Confirm with . or Enter, or press ? or * to list all spells.
Aiming: Fulminant Prism (dangerous; 4% risk of failure)
Press: ? - help, Dir - move target You conjure a prism of explosive energy!
A fulminant prism comes into view.
The orc warrior hits you with a +0 war axe!
The orc warrior hits your fulminant prism with a +0 war axe!
You take 13 damage, and have 36/49 hp.
MASSIVE DAMAGE!!
You now have 3/21 mp.
Casting: Fulminant Prism (dangerous; 4% risk of failure)
Confirm with . or Enter, or press ? or * to list all spells.
You don't have enough magic to cast this spell.
Your magical contamination has completely faded away.
Casting: Fulminant Prism (dangerous; 4% risk of failure)
Confirm with . or Enter, or press ? or * to list all spells.
Aiming: Fulminant Prism (dangerous; 4% risk of failure)
Press: ? - help, Dir - move target You conjure a prism of explosive energy!
A fulminant prism comes into view.
The orc warrior no longer looks unusually strong.
You now have 0/21 mp.
The orc knight roars a battlecry!
The orc warrior goes into a battle-frenzy!
Your fulminant prism crackles loudly.
The blast of energy engulfs the orc knight.
The blast of energy engulfs the orc warrior!!
There is an open door here.
Aiming: Throw Flame
Press: ? - help, Shift-Dir - straight line, f - orc knight
Aim: an orc knight, wielding a +0 war axe and wearing a +0 plate armour (heavily wounded, 68% to hit)
The puff of flame hits the orc knight but does no damage.
Aiming: Throw Flame
Press: ? - help, Shift-Dir - straight line, f/p - orc knight
Aim: an orc knight, wielding a +0 war axe and wearing a +0 plate armour (heavily wounded, 68% to hit)
The puff of flame hits the orc knight.
Aiming: Throw Flame
Press: ? - help, Shift-Dir - straight line, f/p - orc knight
Aim: an orc knight, wielding a +0 war axe and wearing a +0 plate armour (severely wounded, 68% to hit)
The puff of flame hits the orc knight.
The orc knight completely misses you.
Aiming: Throw Flame
Press: ? - help, Shift-Dir - straight line, f/p - orc knight
Aim: an orc knight, wielding a +0 war axe and wearing a +0 plate armour (severely wounded, 68% to hit)
The puff of flame misses the orc knight.
The orc knight hits you with a +0 war axe!
You take 9 damage, and have 29/49 hp.
Aiming: Throw Flame
Press: ? - help, Shift-Dir - straight line, f/p - orc knight
Aim: an orc knight, wielding a +0 war axe and wearing a +0 plate armour (severely wounded, 68% to hit)
The puff of flame misses the orc knight.
The orc knight hits you with a +0 war axe!
The orc warrior hits you with a +0 war axe!!
You die...

≈≈≈≈≈≈~.# # ≈≈≈≈≈≈~.# #
≈≈≈≈≈≈~.##+# #
≈≈≈≈≈≈~.#..# #
≈≈≈≈≈≈~.#).# #...# #
≈≈≈≈≈≈~.#..# #...# #
≈≈≈≈≈≈~.#).# #8.8# ##
≈≈≈≈≈≈oo#))# #...# .#
≈≈≈≈≈≈#@#'##+###8.8###'#
≈≈≈≈≈≈#.)..#)).#...#.!?#
≈≈≈≈≈≈#....#)).#...#.?!#
≈≈≈≈≈≈###..######.######
≈≈≈≈≈ #.'........∩......
≈≈≈≈ ######~~~~~~~~~~~#
≈≈≈≈≈≈≈≈≈≈≈≈≈≈≈≈
≈≈≈≈≈≈≈≈≈≈≈≈≈≈≈≈≈
≈≈≈≈≈≈≈≈≈≈≈≈≈≈≈≈≈≈


You could see an orc knight and an orc warrior (strong).

Vanquished Creatures
  A steam dragon (D:6)
  3 water moccasins
  7 orc warriors (Bailey)
  A sky beast (D:6)
  3 ice beasts
  A black bear (D:6)
  An ogre (D:6)
  2 centaurs (D:6)
  2 bullfrogs (D:6)
  2 scorpions (D:6)
  3 electric eels (Bailey)
  A howler monkey (D:7)
  2 jellies
  Crazy Yiuf (D:3)
  2 hounds (D:6)
  A sleepcap (D:5)
  Terence (D:2)
  A gnoll bouda (D:6)
  2 iguanas
  Robin (D:2)
  19 gnolls
  An adder (D:3)
  A shadow imp (D:6)
  4 ufetubi
  2 worms
  A dart slug (D:1)
  10 orcs
  10 ball pythons
  8 endoplasms
  7 giant cockroaches
  19 goblins
  16 hobgoblins
  7 jackals (D:4)
  2 quokkas
  4 bats
  2 frilled lizards (D:1)
  7 kobolds
  7 rats
165 creatures vanquished.

Vanquished Creatures (others)
  4 fulminant prisms (Bailey)
4 creatures vanquished.

Grand Total: 169 creatures vanquished

Notes
Turn   | Place    | Note
-------+----------+-------------------------------------------
     0 | D:1      | IndexError the Gargoyle Conjurer began the quest for the
                  | Orb.
     0 | D:1      | Reached XP level 1. HP: 10/10 MP: 3/3
   217 | D:1      | Reached XP level 2. HP: 15/15 MP: 1/5
   333 | D:1      | Learned a level 2 spell: Searing Ray
   722 | D:1      | Reached XP level 3. HP: 19/19 MP: 5/7
   735 | D:1      | Reached skill level 3 in Spellcasting
  1238 | D:2      | Identified the +7 falchion of the Interlopers {pain, rN+
                  | Int+4}
  1876 | D:2      | Reached skill level 5 in Conjurations
  1876 | D:2      | Reached XP level 4. HP: 23/24 MP: 6/9
  1991 | D:2      | Noticed Robin
  1996 | D:2      | Killed Robin
  2123 | D:2      | Noticed Terence
  2130 | D:2      | Killed Terence
  2131 | D:2      | Reached XP level 5. HP: 28/28 MP: 3/10
  2726 | D:3      | Found an ornate altar of the Wu Jian Council.
  2729 | D:3      | Reached skill level 4 in Spellcasting
  3026 | D:3      | Identified the +8 mace of the World {holy, rC- Str+3 Dex+2}
  3252 | D:3      | Found a runed translucent door.
  3253 | D:3      | Noticed Crazy Yiuf
  3424 | D:3      | Killed Crazy Yiuf
  3676 | D:4      | Reached skill level 6 in Conjurations
  3781 | D:4      | Reached XP level 6. HP: 32/32 MP: 6/12
  4154 | D:4      | Noticed a water moccasin
  4159 | D:4      | Killed a water moccasin
  4233 | D:4      | Found a bloodstained altar of Trog.
  4319 | D:4      | Found a sparkling altar of Nemelex Xobeh.
  4319 | D:4      | Noticed an ice beast
  4346 | D:4      | Killed an ice beast
  4347 | D:4      | Reached skill level 5 in Spellcasting
  4445 | D:4      | Noticed an ice beast
  4455 | D:4      | Killed an ice beast
  4456 | D:4      | Reached skill level 7 in Conjurations
  4456 | D:4      | Reached XP level 7. HP: 36/36 MP: 7/15
  4786 | D:4      | Found a sacrificial altar of Ru.
  5106 | D:5      | Entered Level 5 of the Dungeon
  5782 | D:5      | Reached skill level 6 in Spellcasting
  6275 | D:6      | Reached skill level 8 in Conjurations
  6275 | D:6      | Reached XP level 8. HP: 17/41 MP: 12/17
  6490 | D:6      | Identified the +5 battleaxe of Dishonour {freeze, Will+
                  | Int+4}
  6800 | D:6      | Reached skill level 7 in Spellcasting
  6851 | D:6      | Reached skill level 9 in Conjurations
  7083 | D:6      | Reached XP level 9. HP: 45/45 MP: 11/20
  7237 | D:6      | Found an iron altar of Okawaru.
  7539 | D:6      | Found an opulent altar of Gozag.
  7769 | D:7      | Found a blossoming altar of Fedhas.
  7798 | D:7      | Reached skill level 8 in Spellcasting
  7798 | D:7      | Reached skill level 10 in Conjurations
  7871 | D:7      | Found a flagged portal.
  7898 | Bailey   | Entered a bailey
  7912 | Bailey   | Learned a level 4 spell: Fulminant Prism
  7917 | Bailey   | Learned a level 4 spell: Iskenderun's Mystic Blast
  8116 | Bailey   | Reached skill level 1 in Fighting
  8116 | Bailey   | Reached skill level 1 in Hexes
  8116 | Bailey   | Reached skill level 1 in Translocations
  8257 | Bailey   | HP: 10/48 [orc warrior/+0 war axe (12)]
  8262 | Bailey   | Reached skill level 2 in Fighting
  8264 | Bailey   | HP: 10/48 [gnoll/+0 hand axe (1)]
  8447 | Bailey   | Reached skill level 2 in Hexes
  8451 | Bailey   | Reached skill level 2 in Translocations
  8590 | Bailey   | Noticed an orc knight
  8611 | Bailey   | Slain by an orc warrior

Illustrated notes

Levels and vault maps discovered:
D:1:      dpeg_arrival_lava_altar, layout_basic
D:2:      layout_basic, uniq_robin, uniq_terence
D:3:      layout_loops_corners, nicolae_wu_jian_wuxing_cycle,
          uniq_crazy_yiuf_cottage
D:4:      cheibrodos_greedy_goblins, layout_gridville,
          lemuel_coloured_pillars_altar, mainiacjoe_overflow_brackets,
          nicolae_eternal_life, minmay_misc_feat_secret_circle,
          kennysheep_diamond, st_stairs_12
D:5:      layout_loops_corners, hex_tiny
D:6:      layout_loops_ring, mainiacjoe_overflow_six_doors_small,
          okawaru_altar_gauntlet_db, minivault_27
D:7:      layout_cave_pools, nicolae_dithmenos_the_darkroom,
          vehumet_altar_wand_db, kennysheep_little_box,
          minmay_temple_entry_arrows, enter_bailey_5, guppyfry_early_elven_hall
Bailey:   bailey_axe_of_yendor_kennysheep, bailey

Skill      XL: |  1  2  3  4  5  6  7  8  9 |
---------------+----------------------------+-----
Spellcasting   | 3 4 5 6 7 8 |  8.6
Conjurations   | 5 6 7 8 9 10 | 10.0
Fighting       | 2 |  2.6
Hexes          | 2 |  2.2
Translocations | 2 |  2.1
Dodging        | |  1.5
Stealth        | |  2.1

Action                     |  1- 3 |  4- 6 |  7- 9 || total
---------------------------+-------+-------+-------++-------
  Melee: Dagger            |    16 |       |       ||    16
         Falchion          |     5 |    29 |    48 ||    82
   Cast: Magic Dart        |    56 |    55 |   107 ||   218
         Searing Ray       |     6 |    11 |    35 ||    52
         Iskenderun's Myst |       |       |     4 ||     4
         Fulminant Prism   |       |       |     4 ||     4
  Evoke: Wand              |       |       |     5 ||     5
 Armour: Robe              |    13 |    20 |    81 ||   114
  Dodge: Dodged            |    20 |    37 |   103 ||   160

Table legend: (Time is in decaauts)
 A = Elapsed time spent in this place.
 B = Non-inter-level travel time spent in this place.
 C = Inter-level travel time spent in this place.
 D = Time resting spent in this place.
 E = Time spent auto-exploring this place.
 F = Levels seen in this place.
 G = Mean time per level.
                   A        B        C        D        E       F      G
               +--------+--------+--------+--------+--------+-----+--------+
         Total |   8640 |   7959 |    681 |     51 |   6910 |   8 | 1080.0 |
       Dungeon |   7920 |   7239 |    681 |      0 |   6423 |   7 | 1131.4 |
        Bailey |    719 |    719 |      0 |     51 |    487 |   1 |  719.0 |
               +--------+--------+--------+--------+--------+-----+--------+

Top non-repeatable levels by time:
     D:4: 1577 daAuts
     D:6: 1561 daAuts
     D:1: 1264 daAuts
     D:2: 1186 daAuts
     D:3: 1185 daAuts
     D:5: 1011 daAuts
  Bailey: 719 daAuts
     D:7: 134 daAuts

Levels and vault maps discovered:
D:1:      dpeg_arrival_lava_altar, layout_basic
D:2:      layout_basic, uniq_robin, uniq_terence
D:3:      layout_loops_corners, nicolae_wu_jian_wuxing_cycle,
          uniq_crazy_yiuf_cottage
D:4:      cheibrodos_greedy_goblins, layout_gridville,
          lemuel_coloured_pillars_altar, mainiacjoe_overflow_brackets,
          nicolae_eternal_life, minmay_misc_feat_secret_circle,
          kennysheep_diamond, st_stairs_12
D:5:      layout_loops_corners, hex_tiny
D:6:      layout_loops_ring, mainiacjoe_overflow_six_doors_small,
          okawaru_altar_gauntlet_db, minivault_27
D:7:      layout_cave_pools, nicolae_dithmenos_the_darkroom,
          vehumet_altar_wand_db, kennysheep_little_box,
          minmay_temple_entry_arrows, enter_bailey_5, guppyfry_early_elven_hall
Bailey:   bailey_axe_of_yendor_kennysheep, bailey

Table legend: (Time is in decaauts)
 A = Elapsed time spent in this place.
 B = Non-inter-level travel time spent in this place.
 C = Inter-level travel time spent in this place.
 D = Time resting spent in this place.
 E = Time spent auto-exploring this place.
 F = Levels seen in this place.
 G = Mean time per level.
                   A        B        C        D        E       F      G
               +--------+--------+--------+--------+--------+-----+--------+
         Total |   8640 |   7959 |    681 |     51 |   6910 |   8 | 1080.0 |
       Dungeon |   7920 |   7239 |    681 |      0 |   6423 |   7 | 1131.4 |
        Bailey |    719 |    719 |      0 |     51 |    487 |   1 |  719.0 |
               +--------+--------+--------+--------+--------+-----+--------+

Top non-repeatable levels by time:
     D:4: 1577 daAuts
     D:6: 1561 daAuts
     D:1: 1264 daAuts
     D:2: 1186 daAuts
     D:3: 1185 daAuts
     D:5: 1011 daAuts
  Bailey: 719 daAuts
     D:7: 134 daAuts

Table legend:
 A = Kills in this place as a percentage of kills in the entire game.
 B = Kills by you in this place as a percentage of kills by you in the entire game.
 C = Kills by friends in this place as a percentage of kills by friends in the entire game.
 D = Other kills in this place as a percentage of other kills in the entire game.
 E = Experience gained in this place as a percentage of experience gained in the entire game.
 F = Experience gained in this place divided by the number of levels of this place that you have seen.
                   A       B       C       D       E      F
               +-------+-------+-------+-------+-------+----------------------
         Total | 100.0 | 100.0 |   N/A |   N/A | 100.0 | 504.9
       Dungeon |  85.5 |  85.5 |   N/A |   N/A |  71.1 | 410.3
        Bailey |  14.5 |  14.5 |   N/A |   N/A |  28.9 | 1167.0
               +-------+-------+-------+-------+-------+----------------------
